 Dungeon Crawl Stone Soup version 0.21.1-1-g345015fe64 (webtiles) character file.

340 Kohma the Ducker (level 6, -1/28 HPs)
             Began as a Spriggan Venom Mage on June 25, 2018.
             Was a Follower of Dithmenos.
             Killed from afar by zuik's ghost (13 damage)
             ... with a puff of flame
             ... on level 4 of the Dungeon.
             The game lasted 00:11:14 (4900 turns).

Kohma the Ducker (Spriggan Venom Mage)              Turns: 4900, Time: 00:11:14

Health: -1/28      AC:  2    Str:  5    XL:     6   Next: 30%
Magic:  11/11      EV: 22    Int: 18    God:    Dithmenos [*.....]
Gold:   181        SH:  5    Dex: 16    Spells: 4/10 levels left

rFire    . . .     SeeInvis +   h - +0 dagger
rCold    . . .     Gourm    .   n - +0 buckler
rNeg     . . .     Faith    .   a - +0 robe
rPois    .         Spirit   .   (helmet restricted)
rElec    .         Reflect  .   (no cloak)
rCorr    .         Harm     .   (gloves unavailable)
MR       +....                  (boots unavailable)
Stlth    ++++......             (no amulet)
HPRegen  0.09/turn              (no ring)
MPRegen  0.12/turn              (no ring)

@: wreathed by umbra, very quick
A: very small, unfitting armour, see invisible, herbivore, speed 3, slow
metabolism 2
a: Renounce Religion


You were on level 4 of the Dungeon.
You worshipped Dithmenos.
Dithmenos was aware of your devotion.
You were not hungry.

You visited 1 branch of the dungeon, and saw 4 of its levels.

You collected 181 gold pieces.

Inventory:

Hand Weapons
 h - a +0 dagger (weapon)
Missiles
 f - 109 stones (quivered)
Armour
 a - a +0 robe (worn)
 n - a +0 buckler (worn)
Jewellery
 p - a cursed ring of loudness {unknown}
 s - a cursed ring of teleportation {unknown}
Scrolls
 d - 3 scrolls of identify {unknown}
 e - 4 scrolls of teleportation {unknown}
 g - 7 scrolls of remove curse {unknown}
 i - a scroll of magic mapping {unknown}
 k - a scroll of enchant weapon {unknown}
 m - a scroll of blinking {unknown}
 o - a scroll of immolation {unknown}
 r - a scroll of enchant armour {unknown}
 u - a scroll of fear {unknown}
Potions
 j - a potion of cancellation {unknown}
 l - a potion of flight {unknown}
 q - a potion of brilliance {unknown}
 t - a potion of resistance {unknown}
Books
 b - a Young Poisoner's Handbook

   Spells                             Type                      Level
   a - Sting                          Conjuration/Poison           1
   b - Poisonous Vapours              Poison/Air                   2
   c - Mephitic Cloud                 Conjuration/Poison/Air       3
   d - Olgreb's Toxic Radiance        Poison                       4
   e - Venom Bolt                     Conjuration/Poison           5
Comestibles
 c - a ration


   Skills:
 * Level 7.1 Dodging
 - Level 6.0 Stealth
 - Level 2.6 Spellcasting
 - Level 0.6 Conjurations
 + Level 4.3 Poison Magic


You had 4 spell levels left.
You knew the following spells:

 Your Spells              Type           Power        Failure   Level  Hunger
a - Sting                 Conj/Pois      ##..         11%         1    #......
b - Poisonous Vapours     Pois/Air       ##....       17%         2    ##.....
c - Mephitic Cloud        Conj/Pois/Air  #.......     41%         3    ###....


Dungeon Overview and Level Annotations

Branches:
Dungeon (4/15)
 Temple: D:4-7

Altars:
Dithmenos

Annotations:
D:4 zuik's ghost, amateur OgFE


Innate Abilities, Weirdness & Mutations

You are very small and have problems with some larger weapons.
You are too small for most types of armour.
You have supernaturally acute eyesight. (SInv)
You are a herbivore.
You cover ground extremely quickly.
You need consume almost no food.


Message History

You completely miss zuik's ghost. Zuik's ghost closely misses you.
You hit zuik's ghost but do no damage. Zuik's ghost completely misses you.
You hit zuik's ghost but do no damage. Zuik's ghost closely misses you.
You hit zuik's ghost.
Zuik's ghost is lightly damaged.
Zuik's ghost hits you but does no damage.
You hit zuik's ghost but do no damage. You block zuik's ghost's attack.
You hit zuik's ghost but do no damage. You block zuik's ghost's attack.
You closely miss zuik's ghost. Zuik's ghost hits you.
You closely miss zuik's ghost.
Zuik's ghost points at you and mumbles some strange words.
The puff of flame hits you!
You hit zuik's ghost but do no damage. Zuik's ghost barely misses you.
You closely miss zuik's ghost. Zuik's ghost casts a spell at you.
The puff of flame hits you!
You hit zuik's ghost but do no damage. You block zuik's ghost's attack.
Zuik's ghost casts a spell at you. The puff of flame hits you!
You die...

#......# #....##
#..)..#########
#..<...)......# ####
#†###).######.# ...#####†#
##.######.# #.......#
#.#......##### #..######
#...####.#...
##..##########..@....#.#####
...(................W.......
....###########.####...###.
......# #..# #..)### ......#
##.###(....# ......#
#..##..##.# ##..###
##.##..##.# .#..# #.#......#
'#..###### #........#


You could see zuik's ghost.

Vanquished Creatures
  A sky beast (D:4)
  A hound (D:4)
  2 orc wizards (D:4)
  A worker ant (D:4)
  4 adders
  An ooze (D:3)
  An adder skeleton (D:4)
  2 worms (D:3)
  4 dart slugs
  2 leopard geckos
  5 orcs
  2 ball pythons (D:2)
  2 giant cockroaches
  9 goblins
  8 hobgoblins
  5 jackals
  2 quokkas
  8 bats
  5 frilled lizards
  5 kobolds
  10 rats
80 creatures vanquished.

Notes
Turn   | Place    | Note
-------+----------+-------------------------------------------
     0 | D:1      | Kohma the Spriggan Venom Mage began the quest for the Orb.
     0 | D:1      | Reached XP level 1. HP: 9/9 MP: 5/5
   211 | D:1      | Reached XP level 2. HP: 13/13 MP: 3/6
   215 | D:1      | Learned a level 2 spell: Poisonous Vapours
  1019 | D:2      | Reached skill level 4 in Dodging
  1067 | D:2      | Reached XP level 3. HP: 16/16 MP: 2/8
  2071 | D:3      | Reached XP level 4. HP: 21/21 MP: 0/9
  2077 | D:3      | Learned a level 3 spell: Mephitic Cloud
  2279 | D:3      | Found a shadowy altar of Dithmenos.
  2290 | D:3      | Became a worshipper of Dithmenos the Shadowed
  2487 | D:3      | Reached skill level 5 in Stealth
  3238 | D:3      | Reached skill level 5 in Dodging
  3863 | D:4      | Reached XP level 5. HP: 24/24 MP: 5/10
  3964 | D:4      | Noticed a phantom
  4463 | D:4      | Noticed a sky beast
  4519 | D:4      | Killed a sky beast
  4519 | D:4      | Reached skill level 6 in Dodging
  4519 | D:4      | Reached XP level 6. HP: 28/28 MP: 0/11
  4778 | D:4      | Reached * piety under Dithmenos
  4778 | D:4      | Reached skill level 7 in Dodging
  4823 | D:4      | Noticed zuik's ghost (amateur OgFE)
  4900 | D:4      | Killed from afar by zuik's ghost

Skill      XL: |  1  2  3  4  5  6 |
---------------+-------------------+-----
Stealth        | 4 5 6 |  6.0
Dodging        | 4 5 6 7 |  7.1
Poison Magic   | 4 |  4.3
Spellcasting   | |  2.6
Conjurations   | |  0.6

Action                   |  1- 3 |  4- 6 || total
-------------------------+-------+-------++-------
Melee: Unarmed           |     1 |       ||     1
       Dagger            |       |    94 ||    94
 Cast: Sting             |    14 |     3 ||    17
       Poisonous Vapours |    48 |    67 ||   115
  Eat: Ration            |     1 |     4 ||     5
Armor: Robe              |     1 |     4 ||     5
Dodge: Dodged            |     7 |    76 ||    83
Block: Buckler           |       |    17 ||    17
